Map: Lightshade LE

Players

Astrea

  • Race: Protoss Protoss

Neeb - Winner!

  • Race: Protoss Protoss

Event: DreamHack SC2 Masters 2021 Fall

VOD

Have the link to the VOD?

Description

Time

  • Played on: Aug. 11, 2021, 4:01 p.m.
  • Length: 14:55

All games in this series

Show
View Real Time Build Order
Export as new Build Order

Astrea Protoss 

Build Orders: Phoenix Opening, Blink Stalkers 

Get SALT Encoding   

  12  0:00  Probe  
  13  0:12  Probe  
  14  0:17  Pylon  
  14  0:24  Probe (Chrono Boost)  
  15  0:36  Gateway, Probe (Chrono Boost)  
  16  0:44  Probe (Chrono Boost)  
  16  0:45  Assimilator  
  17  0:51  Probe  
  17  0:54  Assimilator  
  18  1:03  Probe (Chrono Boost)  
  19  1:06  Gateway  
  20  1:12  Probe (Chrono Boost)  
  20  1:17  Probe (Chrono Boost)  
  20  1:23  Cybernetics Core  
  21  1:29  Probe  
  22  1:34  Pylon  
  22  1:41  Probe  
  23  1:55  Probe  
  23  2:00  Stalker  
  23  2:01  Sentry, Warp Gate  
  28  2:06  Pylon  
  28  2:10  Probe  
  29  2:27  Stalker  
  31  2:31  Sentry, Probe  
  34  2:37  Phoenix  
  33  2:47  Nexus  
  33  2:50  Probe  
  34  2:57  Shield Battery  
  34  3:03  Probe  
  37  3:10  Twilight Council  
  35  3:14  Sentry  
  35  3:15  Probe  
  38  3:20  Pylon  
  38  3:27  Phoenix, Probe (Chrono Boost)  
  39  3:39  Blink (Chrono Boost), Probe (Chrono Boost)  
  39  3:40  Forge  
  40  3:47  Probe (Chrono Boost)  
  41  3:53  Probe  
  42  3:59  Probe  
  43  4:03  Pylon  
  43  4:05  Probe  
  43  4:09  Protoss Ground Weapons Level 1 (Chrono Boost)  
  44  4:11  Probe  
  45  4:18  Probe  
  45  4:23  Probe  
  47  4:30  Probe  
  48  4:35  Probe  
  48  4:37  Nexus  
  49  4:39  Phoenix  
  49  4:40  Stalker  
  49  4:42  Probe  
  49  4:44  Stalker  
  54  4:47  Probe  
  55  4:54  Robotics Facility, Probe  
  56  5:01  Gateway  
  56  5:04  Gateway  
  56  5:07  Pylon  
  56  5:09  Probe  
  56  5:11  Probe  
  56  5:13  Assimilator  
  58  5:19  Charge  
  58  5:21  Probe  
  58  5:24  Probe  
  58  5:26  Phoenix  
  60  5:33  Probe  
  61  5:36  Probe  
  61  5:37  Stalker x2  
  66  5:45  Observer (Chrono Boost), Probe  
  66  5:48  Pylon  
  66  5:49  Probe x2  
  70  5:58  Stalker  
  70  5:59  Stalker  
  70  6:01  Stalker x2  
  70  6:03  Warp Prism (Chrono Boost)  
  80  6:08  Probe x3  
  80  6:10  Pylon  
  83  6:21  Stalker  
  83  6:22  Stalker  
  80  6:26  Stalker x2  
  69  6:34  Probe  
  66  6:45  Probe x2  
  66  6:46  Probe  
  69  6:48  Stalker x2  
  69  6:49  Stalker x2  
  77  6:56  Protoss Ground Weapons Level 2 (Chrono Boost)  
  77  6:57  Probe x2  
  77  6:58  Probe  
  80  7:03  Gateway x2  
  80  7:09  Probe  
  80  7:14  Stalker  
  81  7:16  Stalker  
  81  7:17  Probe x2  
  81  7:21  Probe  
  86  7:24  Gateway  
  86  7:25  Observer  
  86  7:27  Gateway  
  86  7:29  Pylon  
  87  7:33  Observer  
  87  7:41  Zealot x4  
  95  7:47  Probe x3  
  95  7:49  Assimilator  
  95  7:50  Pylon, Shield Battery  
  98  7:51  Pylon  
  98  7:59  Observer  
  98  8:02  Pylon, Templar Archives, Zealot x4  
  106  8:07  Zealot  
  106  8:09  Zealot  
  110  8:15  Pylon  
  110  8:17  Assimilator, Pylon  
  110  8:23  Zealot x4  
  118  8:32  Zealot x4  
  126  8:45  High Templar x2  
  126  8:46  Zealot x2  
  134  8:51  Archon  
  134  8:52  High Templar x2  
  134  8:53  Zealot x2  
  142  8:58  Protoss Ground Weapons Level 3 (Chrono Boost), Archon  
  140  9:09  Zealot x2  
  141  9:24  Observer  
  141  9:27  Zealot x4  
  141  9:31  Pylon  
  149  9:32  Pylon  
  143  9:40  Immortal (Chrono Boost)  
  147  9:48  Pylon  
  147  9:53  High Templar x2  
  147  9:54  Zealot x6  
  147  9:57  Nexus, Archon  
  161  10:09  Shield Battery  
  161  10:14  Pylon, High Templar x2, Zealot  
  161  10:15  Zealot x2  
  161  10:16  Pylon  
  161  10:18  Archon  
  171  10:27  Pylon  
  171  10:28  Pylon  
  171  10:29  Pylon  
  171  10:33  Immortal (Chrono Boost)  
  169  10:42  Observer  
  165  10:44  Zealot  
  165  10:45  Zealot x5  
  155  10:51  High Templar  
  155  10:52  High Templar  
  155  10:55  Archon  
  157  11:03  Pylon  
  157  11:04  Warp Prism (Chrono Boost)  
  157  11:07  Nexus  
  157  11:09  Photon Cannon  
  157  11:10  Robotics Facility  
  159  11:14  Robotics Bay  
  159  11:17  High Templar  
  159  11:18  High Templar, Zealot x4  
  171  11:22  Archon  
  171  11:25  Shield Battery  
  169  11:38  Zealot x3  
  169  11:39  Zealot x3  
  179  11:48  Pylon  
  179  11:49  Pylon  
  179  11:58  Disruptor (Chrono Boost)  
  183  12:06  Zealot x4  
  183  12:07  Zealot x3  
  197  12:10  Disruptor (Chrono Boost)  
  197  12:14  Photon Cannon  
  190  12:24  Disruptor (Chrono Boost)  
  193  12:36  Disruptor  
  188  12:40  Stalker x4  
  188  12:41  Stalker  
  194  12:48  Protoss Shields Level 1 (Chrono Boost)  
  184  12:52  Probe x4  
  184  12:56  Assimilator  
  184  12:57  Disruptor (Chrono Boost)  
  191  13:04  Probe  
  191  13:05  Assimilator  
  192  13:07  Photon Cannon  
  192  13:10  Zealot x4  
  190  13:22  Zealot x4  
  190  13:25  Photon Cannon  
  185  13:34  Gravitic Boosters (Chrono Boost)  
  185  13:37  Observer (Chrono Boost)  
  185  13:48  Zealot x8  
  176  14:03  Observer x2  
  176  14:08  Stalker  
  176  14:09  Stalker x6  
  110  14:26  Zealot  
  96  14:32  Zealot x6  
  81  14:41  Zealot  
Show
View Real Time Build Order
Export as new Build Order

Neeb Protoss - Winner!

Build Orders: Phoenix Opening 

Get SALT Encoding   

  12  0:00  Probe  
  13  0:12  Probe  
  14  0:17  Pylon  
  14  0:24  Probe (Chrono Boost)  
  15  0:36  Gateway, Probe (Chrono Boost)  
  16  0:43  Assimilator  
  16  0:45  Probe (Chrono Boost)  
  17  0:53  Probe (Chrono Boost)  
  18  0:57  Assimilator  
  18  1:05  Probe (Chrono Boost)  
  19  1:11  Gateway  
  19  1:14  Probe (Chrono Boost)  
  20  1:19  Probe  
  21  1:25  Cybernetics Core  
  21  1:32  Probe  
  22  1:36  Pylon  
  22  1:44  Probe  
  23  1:56  Probe  
  24  2:02  Stalker x2  
  24  2:04  Warp Gate  
  28  2:21  Pylon  
  28  2:23  Pylon  
  28  2:32  Stalker  
  30  2:39  Stalker  
  32  2:50  Probe  
  33  3:04  Probe (Chrono Boost)  
  33  3:07  Sentry  
  33  3:08  Nexus  
  33  3:09  Sentry  
  37  3:14  Probe (Chrono Boost)  
  38  3:20  Probe  
  38  3:22  Pylon  
  39  3:35  Twilight Council  
  39  3:40  Probe (Chrono Boost)  
  40  3:41  Forge  
  40  3:48  Phoenix  
  40  3:52  Probe (Chrono Boost)  
  40  3:53  Sentry  
  43  4:01  Probe (Chrono Boost)  
  44  4:06  Probe  
  44  4:08  Blink (Chrono Boost)  
  45  4:15  Protoss Ground Weapons Level 1  
  45  4:18  Probe  
  45  4:20  Probe  
  47  4:30  Probe  
  48  4:32  Probe  
  49  4:43  Probe  
  49  4:44  Nexus, Probe  
  51  4:50  Stalker  
  51  4:52  Stalker  
  55  4:55  Probe  
  55  4:56  Probe  
  55  4:59  Pylon  
  57  5:06  Robotics Facility  
  57  5:07  Probe  
  57  5:12  Probe  
  59  5:18  Pylon  
  59  5:19  Stalker, Probe  
  59  5:21  Stalker  
  62  5:29  Assimilator, Probe  
  62  5:32  Probe  
  61  5:44  Gateway  
  61  5:45  Gateway  
  61  5:50  Stalker  
  61  5:51  Stalker  
  61  5:53  Probe (Chrono Boost)  
  61  5:54  Probe (Chrono Boost)  
  66  6:01  Observer  
  66  6:03  Probe (Chrono Boost)  
  70  6:04  Probe (Chrono Boost)  
  70  6:05  Probe (Chrono Boost)  
  70  6:09  Probe x2 (Chrono Boost)  
  70  6:10  Probe (Chrono Boost)  
  73  6:20  Probe  
  73  6:23  Probe  
  73  6:24  Probe  
  72  6:32  Probe  
  69  6:35  Protoss Ground Weapons Level 2 (Chrono Boost)  
  69  6:36  Probe  
  69  6:37  Stalker x2  
  68  6:41  Gateway  
  68  6:43  Gateway  
  68  6:44  Stalker x2  
  68  6:47  Probe  
  69  6:50  Probe x2  
  71  6:59  Probe  
  72  7:01  Stalker  
  72  7:02  Stalker, Probe  
  72  7:04  Probe  
  77  7:08  Stalker x2  
  77  7:11  Probe  
  83  7:23  Shield Battery  
  83  7:24  Stalker  
  83  7:25  Stalker  
  88  7:30  Gateway  
  88  7:32  Gateway  
  88  7:33  Stalker x2  
  89  7:41  Probe x3  
  89  7:43  Assimilator  
  92  7:44  Pylon, Observer  
  92  7:45  Pylon  
  92  7:47  Pylon, Shield Battery  
  92  7:50  Charge (Chrono Boost)  
  93  7:57  Pylon  
  93  7:58  Pylon  
  93  8:03  Pylon  
  93  8:04  Zealot x5  
  103  8:10  Sentry  
  105  8:25  Gateway, Zealot x6  
  117  8:30  Gateway  
  117  8:35  Pylon  
  117  8:36  Templar Archives  
  117  8:37  Pylon, Zealot  
  117  8:38  Zealot  
  121  8:50  Pylon, Zealot x3  
  126  8:56  Warp Prism  
  126  8:57  Pylon  
  127  9:13  High Templar x2, Zealot x6  
  137  9:24  Zealot x2  
  140  9:33  Archon  
  140  9:34  High Templar x2, Zealot x4  
  152  9:40  Archon  
  152  9:41  Pylon  
  152  9:46  Pylon  
  152  9:47  Pylon  
  152  9:48  Zealot x2  
  156  10:05  Zealot x3  
  156  10:06  Zealot x4  
  170  10:10  Pylon  
  170  10:15  Zealot  
  172  10:32  Robotics Facility  
  172  10:33  Robotics Bay  
  162  10:35  Stalker  
  162  10:36  Stalker x2, Zealot x3  
  162  10:40  Zealot  
  164  10:47  Probe x2  
  164  10:49  Zealot x3  
  160  11:02  Zealot x7  
  174  11:10  High Templar x2  
  174  11:11  Zealot  
  180  11:13  Pylon  
  180  11:16  Archon  
  180  11:18  Shield Battery  
  180  11:29  Disruptor x2 (Chrono Boost)  
  186  11:35  Protoss Ground Weapons Level 3 (Chrono Boost)  
  186  11:42  Zealot  
  186  11:45  Pylon  
  186  11:46  Pylon  
  188  11:47  Assimilator  
  188  11:50  Zealot  
  188  11:56  Zealot  
  189  12:02  Assimilator  
  189  12:03  Disruptor  
  189  12:06  Photon Cannon  
  192  12:14  Probe  
  192  12:15  Probe  
  194  12:16  Nexus  
  194  12:26  Pylon  
  174  12:38  Probe  
  174  12:39  Probe  
  176  12:50  Disruptor  
  170  12:51  Disruptor  
  170  12:53  Probe x2  
  170  12:54  Probe  
  174  13:01  Observer, High Templar  
  174  13:02  High Templar, Zealot x8  
  174  13:05  Probe x2  
  196  13:06  Archon  
  196  13:09  Photon Cannon, Probe  
  197  13:18  Disruptor, Observer  
  194  13:27  Disruptor  
  194  13:28  Assimilator  
  194  13:34  Assimilator  
  195  13:35  Stalker x2  
  195  13:38  Photon Cannon  
  195  13:39  Shield Battery  
  195  13:56  Disruptor  
  192  14:03  Disruptor  
  169  14:18  Stalker x9  
  165  14:27  Probe x2  
  135  14:41  Stalker  
  131  14:47  Stalker x5  

Tags
 
Add a new tag
Caveats
  • Supply blocks, unpowered buildings, or Contaminate may cause inaccurate times.
  • Supply counts are checked every 10 seconds.